[Event "Team 45 45 League T43"]
[Site "Internet Chess Club"]
[Date "2009.11.24"]
[Round "4"]
[White "monsterpawn"]
[Black "giltar"]
[Result "0-1"]
[WhiteElo "1775"]
[BlackElo "1838"]
[Opening "QGD Slav: Dutch variation"]
[ECO "D18"]
[Time "14:14:21"]
[TimeControl "2700+45"]

1. d4 d5 2. c4 c6 3. Nc3 dxc4 4. a4 Nf6 5. e3 Bf5 6. Bxc4 e6 7. Nf3 Bb4 8. O-O
O-O 9. Qb3 Qe7 10. Nh4 a5 11. Nxf5 exf5 12. Ne2 Na6 13. Ng3 g6 14. h4 Nc7 15. h5
Ncd5 16. hxg6 fxg6 17. f3 Kg7 18. Kf2 Rae8 19. Rh1 Bd6 20. Nf1 Kh8 21. Bd2 Qc7
22. Rc1 Rf7 23. e4 fxe4 24. Bg5 e3+ 25. Nxe3 Rxe3 26. Bxe3 Ng4+ 27. Kg1 Ngxe3
28. Re1 Nxc4 29. Qxc4 Re7 30. Re2 Qb6 31. Rxe7 Bxe7 32. b3 Bf6 33. Qc5 Bxd4+
{White resigns} 0-1

[Event "Team 45 45 League T43"]
[Site "Internet Chess Club"]
[Date "2009.11.22"]
[Round "4"]
[White "chess9793"]
[Black "superbeast"]
[Result "1/2-1/2"]
[WhiteElo "1850"]
[BlackElo "1830"]
[Opening "Sicilian: Pelikan, Chelyabinsk variation"]
[ECO "B33"]
[Time "19:30:12"]
[TimeControl "2700+45"]

1. e4 c5 2. Nf3 Nc6 3. d4 cxd4 4. Nxd4 Nf6 5. Nc3 e5 6. Ndb5 d6 7. Bg5 a6 8. Na3
b5 9. Nd5 Be7 10. Bxf6 Bxf6 11. c4 b4 12. Nc2 a5 13. g3 Bg5 14. Bg2 O-O 15. O-O
Ne7 16. Nde3 Qc7 17. Qd3 Be6 18. b3 Rad8 19. a3 Bxe3 20. Nxe3 bxa3 21. Rxa3 Qc5
22. Rfa1 Nc6 23. Nd5 Qd4 24. Bf1 Rb8 25. Nc7 Bg4 26. Nb5 Qc5 27. Kg2 Rfd8 {Game
drawn by mutual agreement} 1/2-1/2

[Event "Team 45 45 League T43"]
[Site "Internet Chess Club"]
[Date "2009.11.21"]
[Round "4"]
[White "Knight77"]
[Black "Stryker672"]
[Result "1/2-1/2"]
[WhiteElo "1958"]
[BlackElo "1908"]
[Opening "Réti opening"]
[ECO "A05"]
[Time "21:51:39"]
[TimeControl "2700+45"]

1. Nf3 Nf6 2. g3 d5 3. Bg2 e6 4. O-O Bd6 5. d3 O-O 6. Nbd2 Nbd7 7. e4 b6 8. Re1
dxe4 9. dxe4 e5 10. Nc4 Qe7 11. Nh4 Bc5 12. Bh3 g6 13. Bh6 Rd8 14. Qf3 Ne8 15.
Rad1 f6 16. Rd2 Nf8 17. Bxf8 Kxf8 18. Rxd8 Qxd8 19. Bxc8 Qxc8 20. Nxe5 Qe6 21.
Nexg6+ hxg6 22. Nxg6+ Kf7 23. e5 Rd8 24. Nf4 Qf5 25. Qb3+ Kg7 26. Ne6+ Kg6 27.
Nf4+ Kg7 28. exf6+ Nxf6 29. Ne6+ Kg6 30. Nf4+ {Game drawn by mutual agreement}
1/2-1/2

[Event "Team 45 45 League T43"]
[Site "Internet Chess Club"]
[Date "2009.11.22"]
[Round "4"]
[White "spunni"]
[Black "makito"]
[Result "1-0"]
[WhiteElo "1940"]
[BlackElo "1856"]
[Opening "Four knights: Scotch, 4...exd4"]
[ECO "C47"]
[Time "12:00:49"]
[TimeControl "2700+45"]

1. e4 e5 2. Nf3 Nf6 3. Nc3 Nc6 4. d4 exd4 5. Nxd4 Bb4 6. Nxc6 bxc6 7. Bd3 d5 8.
exd5 cxd5 9. O-O O-O 10. Bg5 c6 11. Qf3 Be7 12. Rae1 Be6 13. Ne2 h6 14. Bc1 Bg4
15. Qg3 Qd7 16. h3 Bd6 17. Qh4 Bf5 18. Bxh6 Bxd3 19. cxd3 Qf5 20. Ng3 Qxd3 21.
Qg5 Qg6 22. Nf5 Qxg5 23. Bxg5 Rfd8 24. Bxf6 gxf6 25. Nxd6 Rxd6 26. Re7 Re6 27.
Re1 Rxe1+ 28. Rxe1 Kf8 29. Kf1 Rb8 30. Re2 c5 31. Ke1 Rb6 32. b3 Re6 33. Kd2
Rxe2+ 34. Kxe2 a5 35. f4 Kg7 36. a3 Kg6 37. Kd3 Kf5 38. g3 d4 39. b4 cxb4 40.
axb4 axb4 41. Kxd4 b3 42. Kc3 b2 43. Kxb2 Ke4 44. h4 Kf3 45. h5 Kxg3 46. h6 Kxf4
47. h7 Kg3 48. h8=Q f5 49. Qg7+ Kh3 50. Kc3 f4 51. Kd3 {Black resigns} 1-0

[Event "Team 45 45 League T43"]
[Site "Internet Chess Club"]
[Date "2009.11.23"]
[Round "4"]
[White "idjit"]
[Black "bogolijubov"]
[Result "0-1"]
[WhiteElo "1748"]
[BlackElo "1836"]
[Opening "Scandinavian defense"]
[ECO "B01"]
[Time "15:16:09"]
[TimeControl "2700+45"]

1. e4 d5 2. exd5 Nf6 3. Nf3 Nxd5 4. Bc4 Nc6 5. b3 Bg4 6. Bb2 e5 7. O-O Bc5 8. d4
Bxd4 9. c3 e4 10. h3 Bxf3 11. gxf3 Qg5+ 12. Kh1 Qh4 13. Kg2 Nf4+ {White resigns}
0-1

[Event "Team 45 45 League T43"]
[Site "Internet Chess Club"]
[Date "2009.11.20"]
[Round "4"]
[White "Gwyddbwyll"]
[Black "Kravier"]
[Result "1-0"]
[WhiteElo "1887"]
[BlackElo "1692"]
[Opening "Caro-Kann: advance variation"]
[ECO "B12"]
[Time "19:08:49"]
[TimeControl "2700+45"]

1. e4 c6 2. d4 d5 3. e5 Bf5 4. Bd3 Bg6 5. Bxg6 hxg6 6. Nf3 e6 7. O-O Nd7 8. Nc3
Qb6 9. Ne2 O-O-O 10. b3 Be7 11. Qd3 f6 12. Qxg6 fxe5 13. dxe5 Bf8 14. Bg5 Ne7
15. Qxe6 Re8 16. Nf4 c5 17. Qf7 Kd8 18. Ne6+ {Black resigns} 1-0